 Dungeon Crawl Stone Soup version 0.28.0-43-g3370ac3207 (webtiles) character file.

Game seed: 15342935630529192565

3178 funkygono the Arsonist (level 9, -5/46 HPs)
             Began as a Gargoyle Fire Elementalist on Mar 7, 2022.
             Was a Believer of Vehumet.
             Slain by a wraith (7 damage)
             ... on level 7 of the Dungeon.
             The game lasted 00:17:02 (9951 turns).

funkygono the Arsonist (Gargoyle Fire Elementalist) Turns: 9951, Time: 00:17:03

Health: -5/46      AC: 12    Str: 12    XL:     9   Next: 95%
Magic:  10/21      EV: 12    Int: 20    God:    Vehumet [**....]
Gold:   367        SH:  0    Dex: 10    Spells: 12/24 levels left

rFire   + . .      SeeInvis .   p - +3 whip (freeze)
rCold   . . .      Faith    .   (no shield)
rNeg    + . .      Spirit   .   u - +1 robe {rC+}
rPois   ∞          Reflect  .   E - +0 helmet
rElec   +          Harm     .   y - +1 cloak
rCorr   .          Rampage  .   (no gloves)
Will    .....                   (no boots)
Stlth   ++........              (no amulet)
HPRegen 0.15/turn               h - ring of fire
MPRegen 0.17/turn               n - ring of flight

@: flying, slowed, very slow
A: sickness immunity, AC +6, negative energy resistance 1, electricity
resistance, torment resistance 1, petrification resistance
a: Renounce Religion


You were on level 7 of the Dungeon.
You worshipped Vehumet.
Vehumet was pleased with you.
You visited 1 branch of the dungeon, and saw 8 of its levels.

You collected 432 gold pieces.
You spent 65 gold pieces at shops.

Inventory:

Hand Weapons
 c - a +2 flail of holy wrath
 m - the +2 whip "Qyckaa" {drain, rPois}
   (You found it on level 2 of the Dungeon)

   A truly terrible weapon, it drains the life of any living foe it strikes.
   rPois:     It protects you from poison.
 o - a +0 flail
 p - a +3 whip of freezing (weapon)
 t - a +2 spectral club
 v - a +0 dagger
Missiles
 j - 191 stones
Armour
 u - a +1 robe of cold resistance (worn)
 w - a +0 leather armour
 x - the +1 robe of the Silversmith {-Tele Harm rC+++ SInv}
   (You found it on level 5 of the Dungeon)

   rC:        It renders you almost immune to cold.
   SInv:      It lets you see invisible.
   -Tele:     It prevents most forms of teleportation.
   Harm:      It increases damage dealt and taken.
 y - a +1 cloak (worn)
 E - a +0 helmet (worn)
Jewellery
 h - a ring of fire (left hand)
 n - a ring of flight (right hand)
Wands
 i - a wand of iceblast (8)
 s - a wand of digging (7)
 B - a wand of charming (6)
Scrolls
 b - 5 scrolls of teleportation
 d - 2 scrolls of fear
 g - 3 scrolls of amnesia
 z - 2 scrolls of holy word {unknown}
 C - 2 scrolls of identify
 D - a scroll of silence {unknown}
Potions
 a - 2 potions of flight
 e - 4 potions of heal wounds
 f - 5 potions of curing
 k - a potion of might {unknown}
 l - 2 potions of mutation
 q - 3 potions of lignification
 r - a potion of resistance
 A - a potion of haste


   Skills:
 + Level 0.8 Fighting
 + Level 1.7 Maces & Flails
 + Level 2.1 Dodging
 - Level 2.1 Stealth
 * Level 8.1 Spellcasting
 * Level 6.2 Conjurations
 - Level 8.9 Fire Magic


You had 12 spell levels left.
You knew the following spells:

 Your Spells              Type           Power      Damage    Failure   Level
a - Foxfire               Conj/Fire      100%       2x1d9     1%          1
b - Scorch                Fire           100%       2d10      1%          2
c - Conjure Flame         Conj/Fire      55%        6-21      1%          3
d - Flame Wave            Conj/Fire      55%        2d11      3%          4
e - Searing Ray           Conj           66%        2d6       1%          2

Your spell library contained the following spells:

 Spells                   Type           Power      Damage    Failure   Level
 Magic Dart               Conj           100%       1d8       1%          1
 Inner Flame              Hex/Fire       39%        N/A       4%          3
 Fulminant Prism          Conj/Hex       10%        3d9       24%         4
 Hailstorm                Conj/Ice       20%        3d6       24%         4
 Ice Form                 Ice/Tmut       8%         N/A       63%         4
 Simulacrum               Ice/Necr       4%         N/A       100%        6


Dungeon Overview and Level Annotations

Branches:
Dungeon (8/15)             Temple (0/1) D:6
   Lair: D:8-11

Altars:
Cheibriados
Elyvilon
Okawaru
Qazlal
Trog
Uskayaw
Vehumet
Xom

Shops:
D:3 *   D:4 =   D:6 =?


Innate Abilities, Weirdness & Mutations

You are immune to sickness and miasma.
Your stone body is resilient. (AC +6)
You are immune to poison.
You resist negative energy. (rN+)
You are resistant to electric shocks. (rElec)
You are resistant to unholy torment.
You are immune to petrification.


Message History

Something hits you but does no damage. Something hits you but does no damage.
Something barely misses you.
You see here a +0 club.
Your foxfire dissipates!
Something completely misses you. Something hits you! Something hits you.
Things that are here:
a +0 dagger; a +0 robe; a steam dragon corpse Something hits you but does no damage.
Casting: Foxfire (safe; 1% risk of failure)
Confirm with . or Enter, or press ? or * to list all spells.
You feel a surge of power!
You conjure some foxfire!
The foxfire hits something!
Something barely misses you.
Casting: Foxfire (safe; 1% risk of failure)
Confirm with . or Enter, or press ? or * to list all spells.
You feel a surge of power!
Flames lash something.
The foxfire hits something but does no damage.
Something hits you.
Something hits you but does no damage. x2
Unknown command.
Casting: Scorch (safe; 1% risk of failure)
Confirm with . or Enter, or press ? or * to list all spells.
You feel a surge of power!
You conjure some foxfire!
Something hits you.
The foxfire hits something but does no damage.
Casting: Foxfire (safe; 1% risk of failure)
Confirm with . or Enter, or press ? or * to list all spells.
You feel a surge of power!
Flames lash the wraith but do no damage.
The foxfire hits something but does no damage.
Something hits you but does no damage. The wraith hits you.
The wraith drains your vigour!
You feel yourself slow down.
Casting: Scorch (safe; 1% risk of failure)
Confirm with . or Enter, or press ? or * to list all spells.
You feel a surge of power!
You conjure some foxfire!
Something hits you. x2
* * * LOW HITPOINT WARNING * * *
The wraith hits you!
* * * LOW HITPOINT WARNING * * *
The wraith drains your vigour!
You feel as though you will be slow longer.
The wraith hits you!
You die...

..# ... #.# #.# .# #.. .# #.####
.+ #vv).##.# #@{#....# #.#
.###'###W#.#.#.#######.# ..
.......).#.#.#.........# ..
..##.####.(##.##..#.##.# ..## #.#
#.. ##.#.#.# ###.#.# ...# ... ...
####.#.## ##...# ...# #.##.#
#...#.#.###..#.# ##.#
#.#.#.####..#.#..#..#.#.##
...#####..........#.#...##..#...#


You could see a wraith (ally target).

Vanquished Creatures
  A wyvern (D:7)
  A steam dragon (D:7)
  The ghost of Edwards80 the Digger, an amateur DrEE (D:5)
  A water moccasin (D:7)
  A sky beast (D:6)
  2 ice beasts
  An orc warrior (D:7)
  A black bear (D:6)
  A centaur (D:7)
  2 necrophages
  An ogre (D:6)
  3 phantoms
  3 bullfrogs
  2 scorpions
  A hornet simulacrum (D:5)
  3 killer bees (D:8)
  A wight (D:7)
  A howler monkey (D:3)
  A centaur zombie (D:7)
  4 hounds
  2 bullfrog skeletons
  An orc priest (D:5)
  2 gnoll shamans (D:6)
  Jessica (D:3)
  Natasha (thrice) (D:3)
  4 iguanas
  A scorpion zombie (D:5)
  6 orc wizards
  2 bullfrog simulacra (D:5)
  A killer bee simulacrum (D:5)
  9 adders
  12 gnolls
  2 shadow imps
  A white imp (D:5)
  2 adder skeletons
  3 worms
  4 dart slugs
  21 orcs
  9 endoplasms
  5 giant cockroaches
  8 hobgoblins
  6 jackals (D:4)
  7 kobolds
  6 quokkas
  5 ball pythons
  7 bats
  6 frilled lizards
  11 goblins
  8 rats
187 creatures vanquished.

Vanquished Creatures (others)
  598 foxfires
  4 plants (D:7)
602 creatures vanquished.

Grand Total: 789 creatures vanquished

Notes
Turn   | Place    | Note
-------+----------+-------------------------------------------
     0 | D:1      | funkygono the Gargoyle Fire Elementalist began the quest
                  | for the Orb.
     0 | D:1      | Reached XP level 1. HP: 10/10 MP: 3/3
   307 | D:1      | Reached XP level 2. HP: 15/15 MP: 0/5
   310 | D:1      | Learned a level 2 spell: Scorch
  1078 | D:1      | Reached XP level 3. HP: 19/19 MP: 1/6
  1085 | D:1      | Learned a level 3 spell: Conjure Flame
  1195 | D:1      | Found a faded altar of an unknown god.
  1536 | D:2      | Reached XP level 4. HP: 18/24 MP: 1/7
  1825 | D:2      | Identified the +2 whip "Qyckaa" {drain, rPois}
  2266 | D:3      | Found Tuhus's General Store.
  2281 | D:3      | Reached XP level 5. HP: 8/28 MP: 3/9
  2515 | D:3      | Bought a potion of heal wounds for 65 gold pieces
  3052 | D:3      | Reached XP level 6. HP: 24/32 MP: 0/11
  3422 | D:3      | Noticed Natasha
  3429 | D:3      | Killed Natasha
  3691 | D:3      | Reached skill level 5 in Fire Magic
  3769 | D:3      | Noticed Jessica
  3775 | D:3      | Killed Jessica
  4131 | D:3      | Learned a level 4 spell: Flame Wave
  4224 | D:3      | Noticed Natasha
  4229 | D:3      | Killed Natasha
  4493 | D:3      | Noticed Natasha
  4497 | D:3      | Killed Natasha
  4628 | D:4      | Reached XP level 7. HP: 36/36 MP: 4/13
  4974 | D:4      | Found a radiant altar of Vehumet.
  4981 | D:4      | Became a worshipper of Vehumet
  5316 | D:4      | Found Nuemanud's Jewellery Boutique.
  5408 | D:4      | Reached skill level 5 in Spellcasting
  5599 | D:4      | Found a bloodstained altar of Trog.
  5599 | D:4      | Found a hide-covered altar of Uskayaw.
  5631 | D:4      | Found a stormy altar of Qazlal.
  5711 | D:4      | Reached XP level 8. HP: 28/41 MP: 13/15
  5738 | D:4      | Reached * piety under Vehumet
  5738 | D:4      | Offered knowledge of Shock by Vehumet.
  6162 | D:5      | Entered Level 5 of the Dungeon
  6406 | D:5      | Found a runed translucent gate.
  6407 | D:5      | Found a runed translucent gate.
  6408 | D:5      | Found a snail-covered altar of Cheibriados.
  6409 | D:5      | Found a runed translucent gate.
  6411 | D:5      | Found a shimmering altar of Xom.
  6456 | D:5      | Found an iron altar of Okawaru.
  6617 | D:5      | Noticed Edwards80's ghost (amateur DrEE)
  7211 | D:5      | Identified the +1 robe of the Silversmith {-Tele Harm rC+++
                  | SInv}
  7230 | D:5      | You fall into a shaft and drop 3 floors!
  7247 | D:8      | Reached skill level 5 in Conjurations
  7692 | D:6      | Found Opnag's Magic Scroll Shop.
  8011 | D:6      | Reached XP level 9. HP: 23/46 MP: 3/18
  8246 | D:5      | Killed Edwards80's ghost
  8246 | D:5      | Offered knowledge of Searing Ray by Vehumet.
  8247 | D:5      | Reached skill level 1 in Maces & Flails
  8451 | D:6      | Learned a level 2 spell: Searing Ray
  8465 | D:6      | Found a staircase to the Ecumenical Temple.
  8662 | D:6      | Found Jugen's Jewellery Shop.
  8787 | D:6      | Found a white marble altar of Elyvilon.
  9009 | D:6      | Reached ** piety under Vehumet
  9951 | D:7      | HP: 2/46 [wraith (8)]
  9951 | D:7      | Slain by a wraith

Illustrated notes

Levels and vault maps discovered:
D:1:      sevenhm_arrival_forest_fort_small_3, layout_basic,
          shapermc_ecumenical_altar_mp_highgroup
D:2:      layout_rooms, hangedman_glass_teeth
D:3:      layout_loops_corners, serial_shops, nicolae_shop_window_shopping,
          amethyst_killhole, minmay_pentangle, uniq_natasha, uniq_jessica
D:4:      minmay_razor_zed, layout_basic,
          chequers_temple_overflow_statue_of_worship,
          mainiacjoe_overflow_alcove_1, mainiacjoe_overflow_alcove_4,
          serial_shops, kennysheep_mini
D:5:      layout_basic, general_overflow_altar, grunt_temple_overflow_open,
          gammafunk_ghost_icy
D:6:      layout_rooms, nicolae_elyvilon_peaceful_grove,
          minmay_temple_entry_junction, serial_shops,
          nicolae_shop_advertising_works [nicolae_subvault_shop_adworks],
          nicolae_square_shop, minmay_starry_boxes
D:7:      layout_loops_cross, enter_ossuary_2, minmay_shattered_shrine
D:8:      gammafunk_cloud_chamber, layout_loops_ring, dk_yredelemnul_ordeal,
          uniq_maggie

Skill      XL: |  1  2  3  4  5  6  7  8  9 |
---------------+----------------------------+-----
Conjurations   | 2 3 4 5 6 |  6.2
Fire Magic     | 4 5 6 7 8 |  8.9
Spellcasting   | 3 4 5 6 8 |  8.1
Maces & Flails | 1 |  1.7
Dodging        | 2 |  2.1
Fighting       | |  0.8
Stealth        | |  2.1

Action                   |  1- 3 |  4- 6 |  7- 9 || total
-------------------------+-------+-------+-------++-------
Melee: Unarmed           |    13 |       |       ||    13
       Club              |    11 |       |       ||    11
       Whip              |       |    15 |    63 ||    78
       Punch             |       |       |     1 ||     1
 Cast: Foxfire           |    53 |    98 |   211 ||   362
       Scorch            |     2 |    10 |    49 ||    61
       Flame Wave        |       |       |     1 ||     1
  Use: Scroll            |       |    12 |     6 ||    18
 Stab: Sleeping          |       |       |     1 ||     1
Armor: Robe              |    14 |     4 |    64 ||    82
Dodge: Dodged            |    20 |    14 |   102 ||   136
